 Dungeon Crawl Stone Soup version 0.26-a0-474-gfaca0e1de5 (webtiles) character file.

Game seed: 6939256081574108453

91 Infinimo the Skirmisher (level 4, -2/35 HPs)
             Began as a Demonspawn Fighter on July 31, 2020.
             Killed by nerve-wracking pain
             ... invoked by anet's ghost
              (14 damage)
             ... on level 3 of the Dungeon.
             The game lasted 00:02:36 (2519 turns).

Infinimo the Skirmisher (Demonspawn Fighter)        Turns: 2519, Time: 00:02:37

Health: -2/35      AC:  8    Str: 18    XL:     4   Next: 33%
Magic:  4/4        EV:  7    Int:  9    God:
Gold:   150        SH:  9    Dex: 12    Spells: 3/3 levels left

rFire    . . .     SeeInvis .   a - +0 flail
rCold    . . .     Faith    .   c - +0 kite shield
rNeg     . . .     Spirit   .   b - +0 scale mail
rPois    .         Reflect  .   g - +2 hat
rElec    .         Harm     .   (no cloak)
rCorr    .                      (no gloves)
MR       .....                  (no boots)
Stlth    ..........             (no amulet)
HPRegen  0.11/turn              (no ring)
MPRegen  0.09/turn              (no ring)

@: no status effects
A: talons 1, rot immunity
a: no special abilities


You were on level 3 of the Dungeon.
You visited 1 branch of the dungeon, and saw 3 of its levels.

You collected 150 gold pieces.

Inventory:

Hand Weapons
 a - a +0 flail (weapon)
Armour
 b - a +0 scale mail (worn)
 c - a +0 kite shield (worn)
 g - a +2 hat (worn)
Scrolls
 e - a scroll of amnesia
 j - a scroll of teleportation
Potions
 d - a potion of might
 f - a potion of flight
 h - a potion of berserk rage
 i - a potion of heal wounds {unknown}
 k - a potion of resistance
 l - 3 potions of lignification {unknown}
 m - a potion of ambrosia {unknown}
 n - 2 potions of curing {unknown}
 o - 2 potions of stabbing
 p - 2 potions of invisibility {unknown}


   Skills:
 + Level 3.5 Fighting
 - Level 2.2 Maces & Flails
 + Level 3.2 Armour
 + Level 3.1 Shields
 * Level 1.5 Unarmed Combat


You had 3 spell levels left.
You didn't know any spells.
Your spell library was empty.

Dungeon Overview and Level Annotations

Branches:
Dungeon (3/15)

Altars:

Annotations:
D:3 anet's ghost, amateur GnNe


Innate Abilities, Weirdness & Mutations

You have sharp toenails.
You are immune to rotting.


Message History

No target in view!
No target in view!
No target in view!
No target in view!
No target in view!
No target in view!
No target in view!
No target in view!
No target in view!
No target in view!
Anet's ghost casts a spell at you. Pain shoots through your body!
There is an open translucent gate here.
Anet's ghost is nearby!
Anet's ghost is nearby!
Anet's ghost gestures at you while chanting.
Pain shoots through your body!
Anet's ghost points at you and mumbles some strange words.
Pain shoots through your body!
You die...

#####..........# ##########
#..............# .........##
#........#######
########..########........#######
..........................>......
#########..#####.#........(......
##.# ##.####.####....... #.#
##..####.####....... ##
#.###..@........#....... .#
#.....###W''###......... .#
#....##.......##........ .#
##..##.........#........ .#
#..#..........##....... .#
######.##....####...#.......
.#####......#...###$?##..##......
....##.####.#..##..... #..#..####
....##.# #..#..#...=.. #..#...#


You could see anet's ghost.

Vanquished Creatures
  A worker ant simulacrum (D:3)
  5 dart slugs
  A leopard gecko (D:2)
  8 orcs (D:3)
  2 ball pythons
  5 bats
  2 giant cockroaches
  8 goblins
  8 hobgoblins
  5 kobolds
  2 quokkas (D:2)
  A ball python simulacrum (D:3)
  3 frilled lizards
  A leopard gecko simulacrum (D:3)
  10 rats
62 creatures vanquished.

Notes
Turn   | Place    | Note
-------+----------+-------------------------------------------
     0 | D:1      | Infinimo the Demonspawn Fighter began the quest for the
                  | Orb.
     0 | D:1      | Reached XP level 1. HP: 18/18 MP: 1/1
   131 | D:1      | Gained mutation: You have sharp toenails. [demonic
                  | ancestry]
   131 | D:1      | Reached XP level 2. HP: 24/24 MP: 2/2
   422 | D:1      | Gained mutation: You are immune to rotting. [demonic
                  | ancestry]
   422 | D:1      | Reached XP level 3. HP: 29/29 MP: 3/3
   965 | D:2      | Reached skill level 1 in Unarmed Combat
  1624 | D:3      | Reached XP level 4. HP: 20/35 MP: 4/4
  1886 | D:3      | Found a runed translucent gate.
  1899 | D:3      | Found a runed translucent gate.
  1902 | D:3      | Found a runed translucent gate.
  2168 | D:3      | Noticed anet's ghost (amateur GnNe)
  2519 | D:3      | Killed from afar by anet's ghost

Illustrated notes

Levels and vault maps discovered:
D:1:      lightli_arrival_isolated_outpost, layout_loops_ring
D:2:      layout_basic
D:3:      layout_basic, gammafunk_ghost_icy

Skill      XL: |  1  2  3 |
---------------+----------+-----
Maces & Flails | 2 |  2.2
Armour         | 3 |  3.2
Shields        | 3 |  3.1
Unarmed Combat | 1 |  1.5
Fighting       | |  3.5

Action                   |  1- 3 |  4- 6 || total
-------------------------+-------+-------++-------
Melee: Flail             |   124 |    25 ||   149
       Kick              |    23 |     5 ||    28
  Use: Scroll            |     8 |       ||     8
Armor: Scale mail        |    40 |     5 ||    45
Dodge: Dodged            |    26 |     5 ||    31
Block: Kite shield       |    59 |     7 ||    66

Table legend: (Time is in decaauts)
 A = Elapsed time spent in this place.
 B = Non-inter-level travel time spent in this place.
 C = Inter-level travel time spent in this place.
 D = Time resting spent in this place.
 E = Time spent auto-exploring this place.
 F = Levels seen in this place.
 G = Mean time per level.
                   A        B        C        D        E       F      G
               +--------+--------+--------+--------+--------+-----+--------+
         Total |   2579 |   2548 |     31 |    176 |   1980 |   3 |  859.7 |
       Dungeon |   2579 |   2548 |     31 |    176 |   1980 |   3 |  859.7 |
               +--------+--------+--------+--------+--------+-----+--------+

Top non-repeatable levels by time:
     D:3: 1118 daAuts
     D:2: 805 daAuts
     D:1: 655 daAuts
